 Dungeon Crawl Stone Soup version 0.17.0-28-g6e173f8 (webtiles) character file.

385 dohliylev the Stinger (level 6, -1/32 HPs)
             Began as a Gargoyle Venom Mage on Nov 28, 2015.
             Slain by a giant frog skeleton (4 damage)
             ... on level 4 of the Dungeon.
             The game lasted 00:20:09 (3322 turns).

dohliylev the Stinger (Gargoyle Venom Mage)         Turns: 3322, Time: 00:20:09

Health: -1/32      AC:  8    Str: 12    XL:     6   Next: 77%
Magic:  12/20      EV: 12    Int: 17    God:
Gold:   234        SH:  0    Dex: 10    Spells: 3 memorised, 4 levels left

rFire  . . .     SeeInvis .     j - +0 dagger (venom)
rCold  . . .     Clarity  .     a - +0 robe
rNeg   + . .     SustAt   .     (no shield)
rPois  ∞         Gourm    .     w - +1 hat
rElec  +         Spirit   .     (no cloak)
rCorr  .         Warding  .     d - +0 pair of gloves
rMut   .         Stasis   .     (no boots)
MR     .....                    (no amulet)
Stlth  ++........               (no ring)
                                t - ring of magical power

@: not resistant to hostile enchantments, unstealthy
A: negative energy resistance 1, electricity resistance, unbreathing,
petrification resistance, rot immunity, AC +4
a: no special abilities


You were on level 4 of the Dungeon.
You were very hungry.

You visited 1 branch of the dungeon, and saw 4 of its levels.

You collected 234 gold pieces.

Inventory:

Hand Weapons
 j - a +0 dagger of venom (weapon)
Armour
 a - a +0 robe (worn)
 d - a +0 pair of gloves (worn)
 w - a +1 hat (worn)
Jewellery
 t - a ring of magical power (left hand)
 y - an uncursed amulet of warding {unknown}
Scrolls
 h - 3 scrolls of blinking {unknown}
 i - 4 scrolls of remove curse {unknown}
 l - 2 scrolls of enchant weapon {unknown}
 m - 2 scrolls of recharging {unknown}
 q - 3 scrolls of teleportation {unknown}
 s - 10 scrolls of identify {unknown}
 u - 3 scrolls of magic mapping {unknown}
 v - a scroll of random uselessness {unknown}
Potions
 e - a potion of curing {unknown}
 g - 3 potions of heal wounds {unknown}
 k - a potion of degeneration {unknown}
 n - a potion of cancellation {unknown}
 o - a potion of might {unknown}
 p - 2 potions of mutation {unknown}
 x - a potion of magic {unknown}
 z - a potion of poison {unknown}
 A - a potion of lignification {unknown}
Books
 b - a Young Poisoner's Handbook

   Spells                             Type                      Level
   a - Sting                          Conjuration/Poison           1
   b - Cure Poison                    Poison                       2
   c - Mephitic Cloud                 Conjuration/Poison/Air       3
   d - Olgreb's Toxic Radiance        Poison                       4
   e - Venom Bolt                     Conjuration/Poison           5
Comestibles
 c - 4 bread rations
 f - 5 chunks of flesh
 r - 2 meat rations


   Skills:
 - Level 0.3 Short Blades
 + Level 2.3 Dodging
 - Level 2.1 Stealth
 * Level 3.9 Spellcasting
 * Level 3.5 Conjurations
 + Level 0.7 Air Magic
 + Level 5.2 Poison Magic


You had 4 spell levels left.
You knew the following spells:

 Your Spells              Type           Power        Failure   Level  Hunger
a - Sting                 Conj/Pois      ###.         2%          1    None
b - Mephitic Cloud        Conj/Pois/Air  ##......     14%         3    ###....
c - Olgreb's Toxic Radia  Pois           ###.....     21%         4    ####...


Dungeon Overview and Level Annotations

Branches:
Dungeon (4/15)
 Temple: D:4-7

Altars:
Gozag
Ru

Portals:
Ossuary: D:4

Annotations:
D:3 coffecat's ghost, amateur HOBe


Innate Abilities, Weirdness & Mutations

You are resistant to torment.
Your stone body is resilient (AC +4).
You are immune to poison.
You resist negative energy.
You are resistant to electric shocks.
You can survive without breathing.
You are immune to petrification.
You are immune to rotting.


Message History

You barely miss the giant frog skeleton.
The ogre looks more healthy.
The giant frog skeleton hits you but does no damage.
Casting: Mephitic Cloud
Confirm with . or Enter, or press ? or * to list all spells.
You begin to radiate toxic energy.
You are feeling very hungry.
The ogre is poisoned.
The giant frog skeleton hits you but does no damage.
The giant frog skeleton hits you.
* * * LOW HITPOINT WARNING * * *
You kill the ogre!
Some of the chunks of flesh in your inventory have rotted away.
Your toxic aura wanes.
The giant frog skeleton hits you but does no damage.
You hit the giant frog skeleton. The giant frog skeleton hits you.
* * * LOW HITPOINT WARNING * * *
You completely miss the giant frog skeleton.
The giant frog skeleton hits you.
You die...

#.##.###......# #..##
#.###.#.#.....# #.## #.#
##.##.....#####.###
#.#######......##......
#....# #......##.#.##.
####.# ##.#.......#.##. #.#
#....##<##.#.##.
#.###[.#.##.##.#.##.
#..@Z.......##......
############.......##.#.###
#......# #.##.##......#
#.####.#####.##.......###
##.####.##......########
#.....#.##.##.#.##
#..##.#.##.##<..)##
#>.##.#.##.####§..#
#.......##.####...#


You could see a giant frog skeleton.

Vanquished Creatures
  An ogre (D:4)
  An orc priest (D:3)
  2 orc wizards
  2 worker ants (D:4)
  6 adders
  A gnoll (D:2)
  An ooze (D:1)
  5 worms
  A giant gecko (D:1)
  7 orcs
  11 hobgoblins
  11 jackals
  2 quokkas
  7 bats
  2 giant cockroaches
  A giant newt (D:1)
  7 goblins
  A goblin zombie (D:4)
  9 kobolds
  A quokka zombie (D:4)
  6 rats
85 creatures vanquished.

Notes
Turn   | Place    | Note
--------------------------------------------------------------
     0 | D:1      | dohliylev the Gargoyle Venom Mage began the quest for the Orb.
     0 | D:1      | Reached XP level 1. HP: 10/10 MP: 3/3
   111 | D:1      | Reached XP level 2. HP: 15/15 MP: 0/5
   233 | D:1      | Reached skill level 1 in Conjurations
   295 | D:1      | Reached XP level 3. HP: 19/19 MP: 4/6
   704 | D:2      | Learned a level 3 spell: Mephitic Cloud
   948 | D:2      | Reached XP level 4. HP: 24/24 MP: 4/7
  1051 | D:2      | Found an opulent altar of Gozag.
  1280 | D:2      | Found an opulent altar of Gozag.
  1280 | D:2      | Found a sacrificial altar of Ru.
  1754 | D:3      | Noticed coffecat's ghost (amateur HOBe)
  2055 | D:3      | Reached XP level 5. HP: 28/28 MP: 9/9
  3021 | D:4      | Reached XP level 6. HP: 25/32 MP: 11/11
  3083 | D:4      | Learned a level 4 spell: Olgreb's Toxic Radiance
  3140 | D:4      | Reached skill level 5 in Poison Magic
  3202 | D:4      | Found a sand-covered staircase.
  3277 | D:4      | Noticed an ogre
  3317 | D:4      | Killed an ogre
  3322 | D:4      | Slain by a giant frog skeleton

Action                   |  1- 3 |  4- 6 || total
-------------------------+-------+-------++-------
Melee: Dagger            |    58 |   110 ||   168
 Cast: Sting             |    48 |    83 ||   131
       Mephitic Cloud    |     2 |     7 ||     9
       Olgreb's Toxic Ra |       |     4 ||     4
 Stab: Sleeping          |     4 |       ||     4
  Eat: Chunk             |     1 |     9 ||    10
